 Dungeon Crawl Stone Soup version 0.31.0-32-g396128a36d (webtiles) character file.

Game seed: 10448203926399576276

8584 0gre the Frost Mage (level 11, 0/83 HPs)
             Began as a Gnoll Ice Elementalist on Apr 19, 2024.
             Was an Initiate of Gozag.
             Killed from afar by an acid dragon (26 damage)
             ... with a splash of acid
             ... on level 11 of the Dungeon on Apr 20, 2024.
             The game lasted 01:04:33 (11528 turns).

0gre the Frost Mage (Gnoll Ice Elementalist)       Turns: 11528, Time: 01:04:34

Health: 0/83       AC:  4    Str: 15    XL:     11   Next: 33%
Magic:  22/23      EV: 18    Int: 20    God:    Gozag
Gold:   684        SH:  0    Dex: 23    Spells: 17/26 levels left

rFire   . . .        a - +3 great sword
rCold   . . .        (shield currently unavailable)
rNeg    + . .        k - +2 robe "Bazi" {rF- rN+ Str+6}
rPois   .            (no helmet)
rElec   .            m - +1 cloak
rCorr   .            l - +0 pair of gloves of Going Fast {Will+}
SInv    .            (no boots)
Will    +....        (no amulet)
Stlth   ++++         t - +6 ring of dexterity
HPRegen 0.33/turn    q - ring of Crawling {^Drain Fly rF+ Int+4 Dex+3}
MPRegen 0.18/turn

%: no passive effects
@: corroded, gold aura, flying
A: fangs 1, strong nose, distributed training
a: Renounce Religion, Potion Petition, Call Merchant, Bribe Branch


You were on level 11 of the Dungeon.
You worshipped Gozag.
Gozag was pleased with you.
You visited 2 branches of the dungeon, and saw 12 of its levels.
You also visited: Sewer.

You collected 1396 gold pieces.
You paid 712 gold pieces to Gozag.

Inventory:

Hand Weapons
 a - a +3 great sword (weapon)
 b - a +0 shortbow
 c - a +0 scythe
 d - a +3 long sword
 e - the +9 battleaxe "Veulis" {flame, Will++}
   (You found it on level 6 of the Dungeon)

   Will++:    It greatly increases your willpower.
 f - a +4 dire flail of freezing
Missiles
 g - 6 javelins
 h - 29 poisoned darts
 i - 8 boomerangs
Armour
 k - the +2 robe "Bazi" (worn) {rF- rN+ Str+6}
   (You found it on level 7 of the Dungeon)

   Str+6:     It affects your strength (+6).
   rF-:       It makes you vulnerable to fire.
   rN+:       It protects you from negative energy.
 l - the +0 pair of gloves of Going Fast (worn) {Will+}
   (You found it on level 7 of the Dungeon)

   Will+:     It increases your willpower.
 m - a +1 cloak (worn)
 n - a +3 leather armour of poison resistance
 o - a +3 leather armour of cold resistance
Jewellery
 q - the ring of Crawling (right hand) {^Drain Fly rF+ Int+4 Dex+3}
   (You found it on level 2 of the Dungeon)

   [ring of flight]

   Int+4:     It affects your intelligence (+4).
   Dex+3:     It affects your dexterity (+3).
   rF+:       It protects you from fire.
   Fly:       It grants you flight.
   ^Drain:    It drains your maximum health when unequipped.
 t - a +6 ring of dexterity (left hand)
 G - a ring of poison resistance
Wands
 y - a wand of paralysis (2)
 I - a wand of iceblast (22)
 L - a wand of flame (24)
 M - a wand of acid (7)
Scrolls
 s - 5 scrolls of immolation
 B - a scroll of amnesia
 C - 3 scrolls of teleportation
 K - 3 scrolls of blinking
 N - a scroll of summoning
Potions
 p - 3 potions of resistance {unknown}
 r - 5 potions of heal wounds
 u - 2 potions of mutation {unknown}
 v - a potion of cancellation {unknown}
 w - 2 potions of haste {unknown}
 x - 5 potions of curing {unknown}
 z - 2 potions of might {unknown}
 A - 2 potions of attraction {unknown}
 D - a potion of lignification {unknown}
 E - 2 potions of brilliance {unknown}
 F - a potion of degeneration {unknown}
 H - a potion of invisibility {unknown}
 J - 2 potions of magic
Miscellaneous
 j - a condenser vane


   Skills:
 + Level 6.4 Fighting
 + Level 6.4 Short Blades
 + Level 6.4 Long Blades
 + Level 6.4 Axes
 + Level 6.4 Maces & Flails
 + Level 6.4 Polearms
 + Level 6.4 Staves
 + Level 6.4 Ranged Weapons
 + Level 6.4 Throwing
 + Level 6.4 Armour
 + Level 8.0 Dodging
 + Level 7.7 Stealth
 + Level 6.4 Shields
 + Level 6.4 Unarmed Combat
 + Level 8.2 Spellcasting
 + Level 5.3 Conjurations
 + Level 5.3 Hexes
 + Level 5.3 Summonings
 + Level 5.3 Necromancy
 + Level 5.3 Translocations
 + Level 5.3 Fire Magic
 + Level 9.0 Ice Magic
 + Level 5.3 Air Magic
 + Level 5.3 Earth Magic
 + Level 5.3 Alchemy
 + Level 7.0 Invocations
 + Level 6.4 Evocations
 + Level 5.8 Shapeshifting


You had 17 spell levels left.
You knew the following spells:

 Your Spells              Type           Power      Damage    Failure   Level
a - Summon Ice Beast      Ice/Summ       37%        N/A       1%          3
b - Frozen Ramparts       Ice            88%        1d14      1%          3
c - Hailstorm             Conj/Ice       37%        3d9       1%          3

Your spell library contained the following spells:

 Spells                   Type           Power      Damage    Failure   Level
 Apportation              Tloc           58%        N/A       1%          1
 Freeze                   Ice            100%       1d10      1%          1
 Call Imp                 Summ           58%        N/A       1%          2
 Jinxbite                 Hex            58%        N/A       1%          2
 Sublimation of Blood     Necr           29%        N/A       1%          2
 Ozocubu's Armour         Ice            44%        N/A       1%          3
 Alistair's Intoxication  Alch           19%        N/A       26%         5
 Summon Forest            Summ/Tloc      14%        N/A       26%         5
 Eringya's Noxious Bog    Alch           14%        4d6       82%         6
 Summon Hydra             Summ           14%        N/A       100%        7


Dungeon Overview and Level Annotations

Branches:
Dungeon (11/15)            Temple (1/1) D:6           Sewer (visited)
   Lair: D:8-11         Orc: D:9-12

Altars:
Ashenzari
Cheibriados
Dithmenos
Elyvilon
Fedhas
Gozag
Hepliaklqana
Kikubaaqudgha
Makhleb
Nemelex Xobeh
Okawaru
Qazlal
Ru
Sif Muna
Trog
Uskayaw
Vehumet
Wu Jian
Xom
Yredelemnul
Zin
The Shining One

Shops:
D:4 (   D:8 :


Innate Abilities, Weirdness & Mutations

You have very sharp teeth.
Your uncanny sense of smell can sniff out nearby items.
Your experience applies equally to all skills.


Message History

The wall freezes the vampire mosquito. x2; The vampire mosquito misses you.
You slice the troll!!
The troll is almost dead.
The wall freezes the vampire mosquito!
The wall freezes the vampire mosquito.
The vampire mosquito bites you.
The vampire mosquito draws strength from your injuries!
The wall freezes the vampire mosquito.
The wall freezes the vampire mosquito but does no damage.
The vampire mosquito completely misses you.
The wall freezes the troll!
You kill the troll!
The wall freezes the vampire mosquito. x2; The vampire mosquito bites you!
The vampire mosquito draws strength from your injuries!
You hit the vampire mosquito.
The vampire mosquito is severely damaged.
The wall freezes the vampire mosquito.
The vampire mosquito is distracted by your dazzling golden aura.
The wall freezes the vampire mosquito.
The vampire mosquito completely misses you.
The wall freezes the vampire mosquito.
The vampire mosquito is no longer distracted by gold.
The vampire mosquito buzzes angrily.
The wall freezes the vampire mosquito.
You destroy the vampire mosquito!
Your Dodging skill increases to level 8!
The wall freezes the vampire mosquito.
The vampire mosquito is distracted by your dazzling golden aura.
The wall freezes the vampire mosquito!
You destroy the vampire mosquito!
The frozen ramparts melt away as you move.
You now have 670 gold pieces (gained 6).
You now have 684 gold pieces (gained 14).
An acid dragon comes into view.
The acid dragon spits acid at you. The splash of acid hits you!!
The acid corrodes you!
You see here 16 gold pieces.
The acid dragon spits acid at you. The splash of acid hits you!!
You die...
Your body crumbles into a pile of gold.

... #.. #.. #.#
#.# ..[....#.#
.......#.#
.......#$# #
.......#@# #.#.
.......#.#
.....
......#D#.y....
#.....).....
#.$.........
#..##.......
#..##.......
#..##.......
#..##.......


You could see an acid dragon (catching breath).

Vanquished Creatures
  A hydra (D:7)
  A two-headed ogre (D:7)
  Maurice (D:7)
  A komodo dragon (D:10)
  A troll (D:11)
  Sigmund (D:4)
  A slime creature (D:7)
  Eustachio (D:5)
  2 steam dragons
  2 vampire mosquitoes (D:11)
  3 acid dragons
  Edmund (D:5)
  3 water moccasins
  Duvessa (D:4)
  3 black bears
  An ice beast (D:7)
  3 orc warriors
  A sky beast (D:7)
  A centaur (D:9)
  2 kobold brigands
  2 brain worms (Sewer)
  3 bullfrogs
  A gnoll sergeant (D:8)
  2 scorpions (D:5)
  13 wights
  Dowan (D:4)
  14 killer bees (D:7)
  3 howler monkeys
  A jelly (D:5)
  3 orc priests
  6 hounds
  Ijyb (D:3)
  A gnoll bouda (D:4)
  3 iguanas
  8 orc wizards
  4 gnolls (D:8)
  13 adders
  5 river rats (Sewer)
  A shadow imp (D:6)
  4 white imps
  4 ribbon worms
  2 dart slugs (D:1)
  21 orcs
  5 bats
  5 endoplasms
  3 giant cockroaches
  11 goblins
  9 hobgoblins
  6 jackals
  4 quokkas
  15 ball pythons
  4 frilled lizards
  18 kobolds
  11 rats
238 creatures vanquished.

Vanquished Creatures (collateral kills)
  A kobold demonologist (D:10)
  A vampire (D:9)
  A black bear (D:6)
  An orc warrior (D:9)
  2 ice beasts
  An iguana (D:5)
  An orc wizard (D:5)
  9 orcs
  A quokka (D:5)
18 creatures vanquished.

Vanquished Creatures (others)
  An orc wizard (D:10)
1 creature vanquished.

Grand Total: 257 creatures vanquished

Notes
Turn   | Place    | Note
-------+----------+-------------------------------------------
     0 | D:1      | 0gre the Gnoll Ice Elementalist began the quest for the
                  | Orb.
     0 | D:1      | Reached XP level 1. HP: 13/13 MP: 6/6
   157 | D:1      | Reached XP level 2. HP: 17/20 MP: 7/7
   629 | D:1      | Reached skill level 5 in Spellcasting
   629 | D:1      | Reached XP level 3. HP: 25/25 MP: 7/9
   888 | D:1      | Learned a level 3 spell: Frozen Ramparts
   968 | D:2      | Reached skill level 1 in Invocations
  1183 | D:2      | Reached skill level 1 in Fighting
  1183 | D:2      | Reached skill level 1 in Short Blades
  1183 | D:2      | Reached skill level 1 in Long Blades
  1183 | D:2      | Reached skill level 1 in Axes
  1183 | D:2      | Reached skill level 1 in Maces & Flails
  1183 | D:2      | Reached skill level 1 in Polearms
  1183 | D:2      | Reached skill level 1 in Staves
  1183 | D:2      | Reached skill level 1 in Ranged Weapons
  1183 | D:2      | Reached skill level 1 in Throwing
  1183 | D:2      | Reached skill level 1 in Armour
  1183 | D:2      | Reached skill level 1 in Shields
  1183 | D:2      | Reached skill level 1 in Unarmed Combat
  1183 | D:2      | Reached skill level 1 in Evocations
  1452 | D:2      | Found a faded altar of an unknown god.
  1453 | D:2      | Identified the ring of Crawling {^Drain Fly rF+ Int+4
                  | Dex+3}
  1460 | D:2      | Learned a level 3 spell: Summon Ice Beast
  1544 | D:2      | Reached skill level 1 in Shapeshifting
  1544 | D:2      | Reached XP level 4. HP: 31/32 MP: 7/11
  1673 | D:2      | Reached skill level 1 in Conjurations
  1673 | D:2      | Reached skill level 1 in Hexes
  1673 | D:2      | Reached skill level 1 in Summonings
  1673 | D:2      | Reached skill level 1 in Necromancy
  1673 | D:2      | Reached skill level 1 in Translocations
  1673 | D:2      | Reached skill level 1 in Fire Magic
  1673 | D:2      | Reached skill level 1 in Air Magic
  1673 | D:2      | Reached skill level 1 in Earth Magic
  1673 | D:2      | Reached skill level 1 in Alchemy
  1964 | D:3      | Found a hazy altar of Hepliaklqana.
  2093 | D:3      | Found a glowing drain.
  2108 | Sewer    | Entered a sewer
  2211 | Sewer    | Reached XP level 5. HP: 37/37 MP: 8/12
  2583 | Sewer    | Reached XP level 6. HP: 31/44 MP: 13/13
  2748 | Sewer    | Reached skill level 5 in Dodging
  3237 | D:3      | Noticed Ijyb
  3248 | D:3      | Paralysed by Ijyb for 4 turns
  3253 | D:3      | Killed Ijyb
  3713 | D:4      | Noticed Sigmund
  3727 | D:4      | Killed Sigmund
  3728 | D:4      | Reached XP level 7. HP: 51/51 MP: 8/15
  3965 | D:4      | Noticed Duvessa
  3965 | D:4      | Noticed Dowan
  3974 | D:4      | Killed Dowan
  3975 | D:4      | Reached skill level 5 in Stealth
  3982 | D:4      | Killed Duvessa
  4359 | D:4      | Found a basalt altar of Yredelemnul.
  4512 | D:4      | Found Muar's Antique Weapon Emporium.
  4840 | D:5      | Entered Level 5 of the Dungeon
  4847 | D:4      | Reached XP level 8. HP: 53/58 MP: 12/16
  4900 | D:5      | Noticed Edmund
  4928 | D:5      | Killed Edmund
  5077 | D:5      | Noticed Eustachio
  5088 | D:5      | Killed Eustachio
  5249 | D:5      | Found a blossoming altar of Fedhas.
  5443 | D:5      | Found a sacrificial altar of Ru.
  5762 | D:6      | Found a staircase to the Ecumenical Temple.
  5769 | Temple   | Entered the Ecumenical Temple
  5782 | Temple   | Became a worshipper of Gozag Ym Sagoz the Greedy
  5839 | D:6      | Reached XP level 9. HP: 42/65 MP: 15/18
  6034 | D:6      | Identified the +9 battleaxe "Veulis" {flame, Will++}
  6216 | D:6      | Found a glowing golden altar of the Shining One.
  6224 | D:6      | Found a hide-covered altar of Uskayaw.
  6438 | D:6      | Reached skill level 8 in Ice Magic
  7523 | D:6      | Identified the +3 war axe of Inquiry {spect, rElec Will-
                  | Int+5}
  7624 | D:7      | Reached skill level 5 in Invocations
  7772 | D:7      | Noticed a seven-headed hydra
  7793 | D:7      | Killed a three-headed hydra
  7794 | D:7      | Reached skill level 5 in Fighting
  7794 | D:7      | Reached skill level 5 in Short Blades
  7794 | D:7      | Reached skill level 5 in Long Blades
  7794 | D:7      | Reached skill level 5 in Axes
  7794 | D:7      | Reached skill level 5 in Maces & Flails
  7794 | D:7      | Reached skill level 5 in Polearms
  7794 | D:7      | Reached skill level 5 in Staves
  7794 | D:7      | Reached skill level 5 in Ranged Weapons
  7794 | D:7      | Reached skill level 5 in Throwing
  7794 | D:7      | Reached skill level 5 in Armour
  7794 | D:7      | Reached skill level 5 in Shields
  7794 | D:7      | Reached skill level 5 in Unarmed Combat
  7794 | D:7      | Reached skill level 5 in Evocations
  7794 | D:7      | Reached XP level 10. HP: 32/74 MP: 13/20
  7937 | D:7      | Identified the +2 robe "Bazi" {rF- rN+ Str+6}
  7950 | D:7      | Identified the +0 pair of gloves of Going Fast {Will+}
  8041 | D:7      | Noticed a two-headed ogre
  8064 | D:7      | Killed a two-headed ogre
  8065 | D:7      | Reached skill level 5 in Shapeshifting
  8152 | D:7      | Noticed Maurice
  8172 | D:7      | Killed Maurice
  8424 | D:7      | Found a shimmering blue altar of Sif Muna.
  8439 | D:7      | Got Sif Muna's Folio of Places
  9891 | D:8      | Learned a level 3 spell: Hailstorm
 10106 | D:9      | Reached skill level 5 in Conjurations
 10106 | D:9      | Reached skill level 5 in Hexes
 10106 | D:9      | Reached skill level 5 in Summonings
 10106 | D:9      | Reached skill level 5 in Necromancy
 10106 | D:9      | Reached skill level 5 in Translocations
 10106 | D:9      | Reached skill level 5 in Fire Magic
 10106 | D:9      | Reached skill level 5 in Air Magic
 10106 | D:9      | Reached skill level 5 in Earth Magic
 10106 | D:9      | Reached skill level 5 in Alchemy
 10106 | D:9      | Reached XP level 11. HP: 81/81 MP: 18/22
 10207 | D:9      | Found a shadowy altar of Dithmenos.
 10476 | D:10     | Entered Level 10 of the Dungeon
 11093 | D:10     | Reached skill level 9 in Ice Magic
 11528 | D:11     | Killed from afar by an acid dragon

Illustrated notes

Levels and vault maps discovered:
D:1:      wander_arrival_estate, layout_loops_corners
D:2:      cheibrodos_greedy_goblins, layout_loops_ring, basic_ecumenical_altar,
          minmay_misc_feat_chi, patterned_corridor
D:3:      layout_basic, mainiacjoe_overflow_catwalk,
          mainiacjoe_sewer_entry_somewhere_in_here_1, uniq_ijyb
D:4:      layout_basic, lemuel_round_altar, serial_library_hellmonk_junction,
          roderic_serpentine_path, minmay_hedge_maze, nicolae_take_the_stairs,
          minmay_circle_x, uniq_duvessa, uniq_sigmund
D:5:      layout_rooms, mainiacjoe_overflow_tiny_flanked,
          nicolae_ru_the_path_less_chosen, uniq_eustachio, uniq_edmund
D:6:      layout_layer_cave, mainiacjoe_overflow_large_starburst, temple_statues
D:7:      minmay_the_grid_four_pointed_star
          [minmay_the_grid_triangle_9x9_thin_v,
          minmay_the_grid_triangle_9x9_shrine,
          minmay_the_grid_triangle_9x9_from_above,
          minmay_the_grid_triangle_9x9_checkered,
          minmay_the_grid_prize_diamond_cup], layout_loops_cross, led_sif_book,
          uniq_maurice
D:8:      layout_basic
D:9:      layout_basic, mainiacjoe_overflow_surrounded_room
D:10:     layout_loops_corners
D:11:     layout_basic, erik_lair_orcish_takeover, st_stairs_7
Temple:   dpeg_chambers_temple

Skill      XL: |  1  2  3  4  5  6  7  8  9 10 11 |
---------------+----------------------------------+-----
Spellcasting   | 5 6 7 8 |  8.2
Invocations    | 1 2 3 4 5 6 7 |  7.0
Fighting       | 1 2 3 5 6 |  6.4
Short Blades   | 1 2 3 5 6 |  6.4
Long Blades    | 1 2 3 5 6 |  6.4
Axes           | 1 2 3 5 6 |  6.4
Maces & Flails | 1 2 3 5 6 |  6.4
Polearms       | 1 2 3 5 6 |  6.4
Staves         | 1 2 3 5 6 |  6.4
Ranged Weapons | 1 2 3 5 6 |  6.4
Throwing       | 1 2 3 5 6 |  6.4
Armour         | 1 2 3 5 6 |  6.4
Shields        | 1 2 3 5 6 |  6.4
Unarmed Combat | 1 2 3 5 6 |  6.4
Evocations     | 1 2 3 5 6 |  6.4
Shapeshifting  | 1 2 3 4 5 |  5.8
Conjurations   | 1 2 3 4 5 |  5.3
Hexes          | 1 2 3 4 5 |  5.3
Summonings     | 1 2 3 4 5 |  5.3
Necromancy     | 1 2 3 4 5 |  5.3
Translocations | 1 2 3 4 5 |  5.3
Fire Magic     | 1 2 3 4 5 |  5.3
Air Magic      | 1 2 3 4 5 |  5.3
Earth Magic    | 1 2 3 4 5 |  5.3
Alchemy        | 1 2 3 4 5 |  5.3
Dodging        | 5 6 7 8 |  8.0
Stealth        | 5 6 7 |  7.7
Ice Magic      | 8 9 |  9.0

Action                     |  1- 3 |  4- 6 |  7- 9 | 10-12 || total
---------------------------+-------+-------+-------+-------++-------
  Melee: Dagger            |    18 |       |       |       ||    18
         Bite              |     3 |    12 |    24 |    14 ||    53
         Long sword        |    58 |   129 |    55 |    89 ||   331
         Punch             |       |     3 |     6 |     1 ||    10
         Rapier            |       |       |   100 |       ||   100
         Halberd           |       |       |     2 |       ||     2
         Great sword       |       |       |     7 |     3 ||    10
         Mace              |       |       |     7 |       ||     7
         Battleaxe         |       |       |     4 |    23 ||    27
   Fire: Sling             |       |       |     7 |    41 ||    48
         Shortbow          |       |       |       |    14 ||    14
  Throw: Dart              |       |     1 |     6 |       ||     7
         Boomerang         |       |       |     6 |       ||     6
   Cast: Freeze            |     3 |     1 |     2 |       ||     6
         Frozen Ramparts   |     3 |    13 |    17 |    21 ||    54
         Summon Ice Beast  |       |       |    13 |    11 ||    24
         Hailstorm         |       |       |       |     2 ||     2
 Invoke: Call Merchant     |       |       |       |     1 ||     1
  Evoke: Wand              |       |     1 |     7 |     7 ||    15
    Use: Scroll            |       |       |    13 |     6 ||    19
         Potion            |       |       |       |     2 ||     2
   Stab: Sleeping          |     7 |     8 |     7 |     3 ||    25
         Paralysed         |       |     2 |     4 |       ||     6
         Distracted        |       |       |     2 |       ||     2
 Armour: Robe              |    32 |    58 |   106 |    69 ||   265
  Dodge: Dodged            |    78 |   111 |   154 |   117 ||   460
